 Dungeon Sprint DCSS version 0.29-a0-322-g68df515428 (webtiles) character file.

Game seed: 8267671102750408600

170 CloudyStrokes the Ducker (level 5, -9/41 HPs)
             Began as a Demonspawn Gladiator on Apr 7, 2022.
             Shot with an arrow by a centaur warrior (19 damage)
             ... in the Dungeon (Sprint I: "Red Sonja").
             The game lasted 00:12:49 (221 turns).

CloudyStrokes the Ducker (Demonspawn Gladiator)      Turns: 221, Time: 00:12:50

Health: -9/41      AC:  8    Str: 16    XL:     5   Next: 26%
Magic:  5/5        EV: 13    Int:  9    God:
Gold:   182        SH:  0    Dex: 15    Spells: 4/4 levels left

rFire   . . .      SeeInvis .   a - +0 trident
rCold   . . .      Faith    .   (no shield)
rNeg    . . .      Spirit   .   m - +0 ring mail
rPois   .          Reflect  .   c - +0 helmet
rElec   .          Harm     .   (no cloak)
rCorr   .          Rampage  .   (no gloves)
Will    .....      NoTele   +   (no boots)
Stlth   +.........              (no amulet)
HPRegen 0.13/turn               (no ring)
MPRegen 0.09/turn               (no ring)

@: no status effects
A: slimy green scales 1, ignite blood 1, weakness stinger 1
a: no special abilities


You were in the Dungeon.
You visited 1 branch You collected 182 gold pieces.

Inventory:

Hand Weapons
 a - a +0 trident (weapon)
 g - a +0 giant spiked club
 n - a +0 club
 o - a +0 scythe
Missiles
 d - a throwing net (quivered)
 e - a javelin
Armour
 b - a +0 leather armour
 c - a +0 helmet (worn)
 m - a +0 ring mail (worn)
 p - a +0 robe
Wands
 l - a wand of polymorph (5)
Scrolls
 k - a scroll of blinking
Potions
 f - a potion of curing
 h - a potion of haste
 i - 2 potions of magic
 j - a potion of berserk rage


   Skills:
 + Level 3.5 Fighting
 + Level 5.9 Polearms
 + Level 3.6 Throwing
 + Level 1.6 Armour
 + Level 6.2 Dodging
 + Level 1.9 Stealth
 + Level 2.9 Unarmed Combat
 + Level 0.2 Evocations


You had 4 spell levels left.
You didn't know any spells.
Your spell library was empty.

Dungeon Overview and Level Annotations

Branches:
Dungeon (1/1)

Altars:
Sif Muna
Vehumet
Wu Jian


Innate Abilities, Weirdness & Mutations

You are partially covered in slimy green scales. (AC +2)
Your demonic aura sometimes causes spilled blood to erupt in flames.
You have a small tail.


Message History

There is an ornate altar of the Wu Jian Council here.
You kneel at the altar of Wu Jian.
There is a shimmering blue altar of Sif Muna here.
You kneel at the altar of Sif Muna.
Unknown command.
Press < or > to pray at altars.
There is a radiant altar of Vehumet here.
You kneel at the altar of Vehumet.
There is a shimmering blue altar of Sif Muna here.
You kneel at the altar of Sif Muna.
You open the door.
Found 14 gold pieces.
There is an open door here.
You now have 182 gold pieces (gained 14).
There is an open door here.
There is a shimmering blue altar of Sif Muna here.
You open the door. 2 centaur warriors come into view.
The centaur warrior shouts!
The centaur warrior wields a +0 longbow.
The centaur warrior shoots an arrow.
The arrow closely misses you.
Found a falchion and 17 gold pieces.
You close the door.
You see here a +0 robe.
Something unseen opens the door.
You sense a monster nearby.
The centaur warrior shoots an arrow.
The arrow misses you.
There is an open door here.
The centaur warrior shoots an arrow.
The arrow closely misses you.
There is an open door here.
The centaur warrior shoots an arrow.
The arrow hits you!!
The centaur warrior shoots an arrow.
The arrow hits you.
* * * LOW HITPOINT WARNING * * *
The centaur warrior shoots an arrow.
The arrow misses you.
There is an open door, spattered with blood here.
You see here the human corpse of Sigmund.
A centaur warrior is nearby!
There is an open door, spattered with blood here.
The centaur warrior shoots an arrow.
The arrow hits you!!
You die...

################
#<.#..'†.#..'..#
#.†'..#.@'†c#..+
#..#####'#####'#
# #..# #..# #c#
##§§# #..# ####
##§#≈≈≈c§# #..#
#+#_§§≈≈≈c.+
#⌠⌠#
+..._#§§≈§.#
#### #_.#'##+##
# ##+#.# ###


You could see a centaur warrior.

Vanquished Creatures
  An ogre (D)
  A hound (D)
  A jelly (D)
  Ijyb (D)
4 creatures vanquished.

Notes
Turn   | Place    | Note
-------+----------+-------------------------------------------
     0 | D        | CloudyStrokes the Demonspawn Gladiator began the quest for
                  | the Orb.
     0 | D        | Reached XP level 1. HP: 16/16 MP: 1/1
    14 | D        | Noticed Ijyb
    34 | D        | Killed Ijyb
    35 | D        | Reached skill level 4 in Dodging
    35 | D        | Gained mutation: You have a small tail. [demonic ancestry]
    35 | D        | Reached XP level 2. HP: 6/23 MP: 2/2
    59 | D        | Noticed an ogre
    74 | D        | Killed an ogre
    75 | D        | Reached skill level 5 in Polearms
    75 | D        | Reached skill level 1 in Armour
    75 | D        | Reached skill level 5 in Dodging
    75 | D        | Reached skill level 1 in Stealth
    75 | D        | Reached XP level 3. HP: 29/29 MP: 3/3
    75 | D        | Gained mutation: You are partially covered in slimy green
                  | scales. (AC +2) [demonic ancestry]
    75 | D        | Reached XP level 4. HP: 35/35 MP: 4/4
    88 | D        | Noticed Sigmund
    91 | D        | Noticed Sigmund
    91 | D        | Sigmund changed into Sigmund the hound
    98 | D        | Killed Sigmund the hound
    99 | D        | Gained mutation: Your demonic aura sometimes causes spilled
                  | blood to erupt in flames. [demonic ancestry]
    99 | D        | Reached XP level 5. HP: 23/41 MP: 5/5
   174 | D        | Found an ornate altar of the Wu Jian Council.
   174 | D        | Found a shimmering blue altar of Sif Muna.
   176 | D        | Found a radiant altar of Vehumet.
   183 | D        | Reached skill level 6 in Dodging
   209 | D        | Noticed a centaur warrior
   209 | D        | Noticed a centaur warrior
   221 | D        | Shot with an arrow by a centaur warrior

Illustrated notes

Levels and vault maps discovered:
D:        dungeon_sprint_1 [red_sonja_temple_1, red_sonja_temple_small_1]

Skill      XL: |  1  2  3  4  5 |
---------------+----------------+-----
Polearms       | 4 5 |  5.9
Throwing       | 2 3 |  3.6
Dodging        | 4 5 6 |  6.2
Fighting       | 3 |  3.5
Armour         | 1 |  1.6
Stealth        | 1 |  1.9
Unarmed Combat | 2 |  2.9
Evocations     | |  0.2

Action                   |  1- 3 |  4- 6 || total
-------------------------+-------+-------++-------
Melee: Unarmed           |    25 |       ||    25
       Tailslap          |     5 |     1 ||     6
       Trident           |       |    10 ||    10
Throw: Throwing net      |     4 |       ||     4
Evoke: Wand              |       |     2 ||     2
  Use: Potion            |     1 |       ||     1
 Stab: Held in net/web   |     2 |       ||     2
Armor: Skin              |     2 |       ||     2
       Leather armour    |       |     3 ||     3
       Ring mail         |       |     1 ||     1
Dodge: Dodged            |     9 |     8 ||    17

Table legend: (Time is in decaauts)
 A = Elapsed time spent in this place.
 B = Non-inter-level travel time spent in this place.
 C = Inter-level travel time spent in this place.
 D = Time resting spent in this place.
 E = Time spent auto-exploring this place.
 F = Levels seen in this place.
 G = Mean time per level.
                   A        B        C        D        E       F      G
               +--------+--------+--------+--------+--------+-----+--------+
         Total |    218 |    112 |    106 |      0 |      0 |   1 |  218.0 |
       Dungeon |    218 |    112 |    106 |      0 |      0 |   1 |  218.0 |
               +--------+--------+--------+--------+--------+-----+--------+

Top non-repeatable levels by time:
       D: 218 daAuts
